 Dungeon Crawl Stone Soup version 0.22-a0-322-g60b3cfd (webtiles) character file.

29 Kairos the Covered (level 3, 30/30 HPs)
             Began as a Barachi Fighter on Apr 5, 2018.
             Got out of the dungeon alive.
             The game lasted 00:01:16 (650 turns).

Kairos the Covered (Barachi Fighter)                 Turns: 650, Time: 00:01:17

Health: 30/30      AC:  7    Str: 17    XL:     3   Next: 16%
Magic:  3/3        EV:  7    Int:  8    God:
Gold:   86         SH:  9    Dex: 12    Spells: 2/2 levels left

rFire    . . .     SeeInvis .   a - +0 war axe
rCold    . . .     Gourm    .   c - +0 shield
rNeg     . . .     Faith    .   b - +0 scale mail
rPois    .         Spirit   .   (no helmet)
rElec    .         Reflect  .   (no cloak)
rCorr    .         Harm     .   (no gloves)
MR       .....                  (no boots)
Stlth    ..........             (no amulet)
HPRegen  0.10/turn              (no ring)
MPRegen  0.08/turn              (no ring)

@: slow
A: +LOS, swims, slowness 1, strong legs 1
a: Hop


You escaped.
You were not hungry.

You visited 1 branch of the dungeon, and saw 2 of its levels.

You collected 86 gold pieces.

Inventory:

Hand Weapons
 a - a +0 war axe (weapon)
Armour
 b - a +0 scale mail (worn)
 c - a +0 shield (worn)
Scrolls
 e - a scroll of fear {unknown}
 h - a scroll of magic mapping {unknown}
Potions
 d - a potion of might
 g - a potion of magic {unknown}
 i - 2 potions of heal wounds {unknown}
 j - a potion of mutation {unknown}
 k - 2 potions of lignification {unknown}
Comestibles
 f - 3 rations


   Skills:
 + Level 3.8 Fighting
 + Level 2.6 Axes
 + Level 4.0 Armour
 + Level 0.4 Dodging
 + Level 3.8 Shields


You had 2 spell levels left.
You didn't know any spells.

Dungeon Overview and Level Annotations

Branches:
Dungeon (2/15)

Altars:


Innate Abilities, Weirdness & Mutations

Shadows flee at your approach. (+LOS)
You can swim through water.
You cover ground slowly.
You can hop short distances.


Message History

There is an escape hatch in the floor here.
You open the door.
There is an open door here.
There is an escape hatch in the floor here.
There is an escape hatch in the floor here.
There is an open door here.
Key pressed, stopping explore.
You see here a dagger.
You see here a whip.
You see here a whip.
Done exploring.
Done exploring.
There is a stone staircase leading down here.
You climb downwards.
There is a stone staircase leading up here.
You climb upwards.
There is a stone staircase leading down here.
There is a staircase leading out of the dungeon here.
Are you sure you want to leave the Dungeon?
This will make you lose the game!
You have escaped!

#.####.######.###.#....
#.####.##>.............
#....#.##.#.#.###...#.#
#...>#.##.#.#.#######.#
#......................
#.......###############
#.......####'.......#
#.......##>.#.......#
#.....@.'>###########
#.......### #....####
#.#### #)...# ####.#
#.# ######### #.#
#.......# ####.#
#.#####.#


There were no monsters in sight!

Vanquished Creatures
  2 dart slugs (D:1)
  4 bats (D:1)
  3 giant cockroaches (D:1)
  4 goblins (D:1)
  3 jackals (D:1)
  2 frilled lizards (D:1)
  A kobold (D:1)
  4 rats (D:1)
23 creatures vanquished.

Notes
Turn   | Place    | Note
-------+----------+-------------------------------------------
     0 | D:1      | Kairos the Barachi Fighter began the quest for the Orb.
     0 | D:1      | Reached XP level 1. HP: 18/18 MP: 1/1
   127 | D:1      | Reached XP level 2. HP: 25/25 MP: 2/2
   325 | D:1      | Reached skill level 4 in Armour
   325 | D:1      | Reached XP level 3. HP: 27/30 MP: 3/3
   650 | D:$      | Got out of the dungeon alive.

Vault maps used:
D:1:      dpeg_arrival_connections
D:2:      uniq_natasha

Skill      XL: |  1  2 |
---------------+-------+-----
Armour         | 4 |  4.0
Fighting       | |  3.8
Axes           | |  2.6
Dodging        | |  0.4
Shields        | |  3.8

Action                   || total
-------------------------++-------
Melee: War axe           ||   103
Armor: Scale mail        ||    80
Dodge: Dodged            ||    51
Block: Shield            ||    80

Table legend:
 A = Spawn XP
 B = Non-spawn XP
 C = Spawn XP percentage of total XP
 D = Spawn monster count
 E = Non-spawn monster count
 F = Spawn count percentage of total count
 G = Total turns spent on level
                    A         B        C        D         E        F      G
               +---------+---------+-------+---------+---------+-------+---------
         Total |       0 |      42 |   0.0 |       0 |      23 |   0.0 |   650
               +---------+---------+-------+---------+---------+-------+---------
           D:1 |       0 |      42 |   0.0 |       0 |      23 |   0.0 |   648
               +---------+---------+-------+---------+---------+-------+---------
